 Dungeon Crawl Stone Soup version 0.28.0-45-g0d030f2227 (webtiles) character file.

Game seed: 10121786232328591290

214 nickcage the Changer (level 5, -2/33 HPs)
             Began as an Octopode Transmuter on Apr 14, 2022.
             Succumbed to an adder's poison
             ... on level 3 of the Dungeon.
             The game lasted 00:06:45 (2760 turns).

nickcage the Changer (Octopode Transmuter)          Turns: 2760, Time: 00:06:45

Health: -2/33      AC:  1    Str:  9    XL:     5   Next: 91%
Magic:  8/8        EV: 13    Int: 20    God:
Gold:   93         SH:  0    Dex: 13    Spells: 4/8 levels left

rFire   . . .      SeeInvis .   i - +4 mace "Spiderbane" {drain, rN++ Int+3}
rCold   . . .      Faith    .   (no shield)
rNeg    + + .      Spirit   .   (helmet currently unavailable)
rPois   .          Reflect  .   (no amulet)
rElec   .          Harm     .   (no ring)
rCorr   .          Rampage  .   (no ring)
Will    .....                   (no ring)
Stlth   ++........              (no ring)
HPRegen 0.11/turn               (no ring)
MPRegen 0.11/turn               (no ring)
                                (no ring)
                                (no ring)

@: lethally poisoned (-2 -> -14), appendages
A: tentacle spike 3, almost no armour, amphibious, 8 rings, camouflage 1,
gelatinous body 1, (nimble swimmer 1), tentacles
a: End Transformation


You were on level 3 of the Dungeon.
One of your tentacles had grown a beastly spike.
You visited 1 branch of the dungeon, and saw 3 of its levels.

You collected 93 gold pieces.

Inventory:

Hand Weapons
 c - a +1 falchion of freezing
 i - the +4 mace "Spiderbane" (weapon) {drain, rN++ Int+3}
   (You found it on level 2 of the Dungeon)

   A truly terrible weapon, it drains the life of any living foe it strikes.
   Int:       It affects your intelligence (+3).
   rN:        It greatly protects you from negative energy.
Wands
 m - a wand of flame (4)
Scrolls
 b - a scroll of fog {unknown}
 d - 3 scrolls of identify {unknown}
 h - 3 scrolls of fear {unknown}
 l - a scroll of enchant armour {unknown}
Potions
 a - 2 potions of haste {unknown}
 e - 2 potions of lignification {unknown}
 f - a potion of curing {unknown}
 g - a potion of mutation {unknown}
 j - a potion of attraction {unknown}
 k - a potion of cancellation {unknown}


   Skills:
 - Level 1.0 Fighting
 + Level 0.3 Maces & Flails
 - Level 2.0 Dodging
 - Level 3.1 Unarmed Combat
 - Level 2.0 Spellcasting
 + Level 5.6 Transmutations
 + Level 0.9 Poison Magic


You had 4 spell levels left.
You knew the following spells:

 Your Spells              Type           Power      Damage    Failure   Level
a - Beastly Appendage     Tmut           48%        N/A       1%          1
b - Spider Form           Tmut/Pois      15%        N/A       12%         3

Your spell library contained the following spells:

 Spells                   Type           Power      Damage    Failure   Level
 Wereblood                Tmut           24%        N/A       2%          2
 Ice Form                 Ice/Tmut       13%        N/A       43%         4


Dungeon Overview and Level Annotations

Branches:
Dungeon (3/15)

Altars:
Dithmenos
Gozag


Innate Abilities, Weirdness & Mutations

One of your tentacles has grown a beastly spike.
You cannot wear most types of armour.
You are amphibious.
You can wear up to eight rings at the same time.
Your skin changes colour to match your surroundings (Stealth+).
Your rubbery body absorbs attacks. (AC +1, EV +1)
((You are camouflaged when in or above water. (Stealth+)))
You have tentacles for arms and can constrict up to eight enemies at once.


Message History

No target in view!
An orc and an adder come into view.
Found 16 arrows.
Found a stone staircase leading up.
You see here 2 gold pieces.
You see here 2 gold pieces.
You see here a gold piece.
The adder barely misses you.
There is an opulent altar of Gozag here.
You miss the adder.
The adder hisses angrily.
Your grab misses the adder. The adder bites you.
You are poisoned.
The adder poisons you! The adder misses you.
You hit the adder. You grab the adder.
You pierce the adder.
The adder is moderately wounded.
You constrict the adder.
You feel sick. The adder bites you. x2
You hit the adder. You drain the adder.
You kill the adder!
You feel sick.
You feel sick. The adder bites you.
You see here a gold piece.
You barely miss the adder. Your grab misses the adder.
Your tentacle spike misses the adder.
Your tentacle-slap misses the adder.
You feel sick. The adder bites you.
You are more poisoned.
The adder poisons you! The adder bites you.
* * * LOW HITPOINT WARNING * * *
You are lethally poisoned!
The adder poisons you!
You closely miss the adder. Your grab misses the adder.
* * * LOW HITPOINT WARNING * * *
You feel very sick. The adder completely misses you. The adder bites you.
* * * LOW HITPOINT WARNING * * *
You are more poisoned.
The adder poisons you!
You hit the adder but do no damage. You drain the adder.
Your grab misses the adder. Your squeeze misses the adder.
The adder is moderately wounded.
You die...

.# #.#.# #### ..#
#.#.# #..# #.#.#
#..# ###.#.#
#..##...#.#
#..#.###.#
#...†###.#
##.##.#$$$#
#....†S@_$#
......#..$$$#
.##...#.###...#
........ ........
.##.#.#..###.##..≈
..<..... .. .≈
##.# #...( .## .
... .#..# .. .o #
.S. #


You could see an adder (drained).

Vanquished Creatures
  An orc warrior (D:3)
  2 orc wizards (D:3)
  2 adders (D:3)
  A worm (D:3)
  A dart slug (D:2)
  An orc (D:3)
  3 endoplasms (D:1)
  4 giant cockroaches
  3 goblins
  A hobgoblin (D:1)
  4 jackals (D:1)
  2 quokkas (D:1)
  4 ball pythons
  3 bats
  4 frilled lizards (D:1)
  5 kobolds
  6 rats
47 creatures vanquished.

Vanquished Creatures (others)
  A butterfly (D:3)
1 creature vanquished.

Grand Total: 48 creatures vanquished

Notes
Turn   | Place    | Note
-------+----------+-------------------------------------------
     0 | D:1      | nickcage the Octopode Transmuter began the quest for the
                  | Orb.
     0 | D:1      | Reached XP level 1. HP: 13/13 MP: 3/3
   283 | D:1      | Reached XP level 2. HP: 7/18 MP: 3/5
   969 | D:1      | Reached skill level 3 in Transmutations
  1170 | D:1      | Reached XP level 3. HP: 23/23 MP: 6/6
  1507 | D:2      | Found a faded altar of an unknown god.
  1796 | D:2      | Identified the +4 mace "Spiderbane" {drain, rN++ Int+3}
  1913 | D:2      | Learned a level 3 spell: Spider Form
  2206 | D:3      | Noticed an orc warrior
  2224 | D:3      | Killed an orc warrior
  2225 | D:3      | Reached skill level 5 in Transmutations
  2225 | D:3      | Reached XP level 4. HP: 10/28 MP: 4/7
  2225 | D:3      | Reached XP level 5. HP: 11/33 MP: 4/8
  2704 | D:3      | Found a shadowy altar of Dithmenos.
  2740 | D:3      | Found an opulent altar of Gozag.
  2760 | D:3      | Succumbed to an adder's poison

Illustrated notes

Levels and vault maps discovered:
D:1:      amcnicky_arrival_flooded_fountain, layout_loops_ring
D:2:      layout_loops_ring, hellmonk_ecumenical_altar_blasted
D:3:      layout_loops_ring, nicolae_elyvilon_peaceful_grove,
          xom_confusion_cloud, nicolae_dithmenos_through_a_glass_darkly,
          nemelex_spade_bored_becter, nicolae_gozag_seed_capital,
          ebering_ghost_rock_garden, serial_shops, nicolae_shop_crystal,
          minmay_joined_circles

Skill      XL: |  1  2  3 |
---------------+----------+-----
Transmutations | 3 5 |  5.6
Fighting       | |  1.0
Maces & Flails | |  0.3
Dodging        | |  2.0
Unarmed Combat | |  3.1
Spellcasting   | |  2.0
Poison Magic   | |  0.9

Action                   |  1- 3 |  4- 6 || total
-------------------------+-------+-------++-------
Melee: Falchion          |    54 |       ||    54
       Unarmed           |    13 |    14 ||    27
       Constrict         |    15 |     4 ||    19
       Tentacles         |     6 |       ||     6
       Kick              |     6 |     4 ||    10
       Punch             |     1 |       ||     1
       Mace              |       |    14 ||    14
 Cast: Beastly Appendage |    23 |     2 ||    25
       Spider Form       |     1 |     1 ||     2
 Stab: Sleeping          |     7 |       ||     7
Armor: Skin              |     6 |     1 ||     7
Dodge: Dodged            |    50 |    16 ||    66
